 Dungeon Crawl Stone Soup version 0.21-a0-638-g11b2e07 (webtiles) character file.

33790 Spazmo the Destroyer (level 13, -2/74 HPs)
             Began as a Deep Elf Fire Elementalist on Dec 29, 2017.
             Was a High Priest of Sif Muna.
             Slain by a swamp worm (14 damage)
             ... on level 5 of the Lair of Beasts on Dec 30, 2017.
             The game lasted 01:17:56 (19808 turns).

Spazmo the Destroyer (Deep Elf Fire Elementalist)  Turns: 19808, Time: 01:17:56

Health: -2/74      AC:  8    Str:  5    XL:     13   Next: 38%
Magic:  29/31      EV: 20    Int: 36    God:    Sif Muna [*****.]
Gold:   572        SH:  0    Dex: 18    Spells: 12/37 levels left

rFire    + . .     SeeInvis .   R - +4 scimitar of Behousap {slice, *Rage +Inv rN+ Int+7}
rCold    + . .     Gourm    .   (no shield)
rNeg     + . .     Faith    +   a - +1 robe
rPois    +         Spirit   .   L - +0 helmet of Muttered Phrases {rPois rF+ rC+ Dex+3}
rElec    .         Reflect  .   (no cloak)
rCorr    .         Harm     .   m - +0 pair of gloves
MR       +....     Rnd*Rage +   (no boots)
Stlth    +.........             r - amulet of faith
HPRegen  0.22/turn              p - +3 ring of intelligence
MPRegen  0.22/turn              M - +3 ring of protection

@: very slow
A: no striking features
a: Divine Energy, Channel Magic, Forget Spell, Renounce Religion, Evoke
Invisibility


You were on level 5 of the Lair of Beasts.
You worshipped Sif Muna.
Sif Muna was extremely pleased with you.
You were not hungry.

You visited 2 branches of the dungeon, and saw 15 of its levels.
You also visited: Ossuary.

You collected 935 gold pieces.
You spent 363 gold pieces at shops.

Inventory:

Hand Weapons
 F - a +2 dagger of venom
 R - the +4 scimitar of Behousap (weapon) {slice, *Rage +Inv rN+ Int+7}
   (You found it on level 4 of the Lair of Beasts)

   It inflicts extra damage upon your enemies.
   It affects your intelligence (+7).
   It protects you from negative energy.
   It lets you turn invisible.
   It may make you go berserk in combat.
Missiles
 g - 439 stones (quivered)
Armour
 a - a +1 robe (worn)
 m - a +0 pair of gloves (worn)
 L - the +0 helmet of Muttered Phrases (worn) {rPois rF+ rC+ Dex+3}
   (You bought it in a shop on level 6 of the Dungeon)

   It affects your dexterity (+3).
   It protects you from fire.
   It protects you from cold.
   It protects you from poison.
Jewellery
 p - a +3 ring of intelligence (left hand)
 r - an amulet of faith (around neck)
 v - an uncursed amulet of magic regeneration
 A - an uncursed amulet of regeneration
 E - an uncursed ring of flight
 M - a +3 ring of protection (right hand)
 O - an uncursed ring of ice
Wands
 q - a wand of iceblast (6)
 t - a wand of acid (11)
 u - a wand of random effects (19)
 z - a wand of polymorph (13)
 G - a wand of paralysis (14)
 H - a wand of flame (59)
Scrolls
 d - 9 scrolls of magic mapping
 f - 5 scrolls of remove curse
 h - 2 scrolls of amnesia
 n - 13 scrolls of identify
 o - 9 scrolls of teleportation
 C - a scroll of enchant armour
 J - 2 scrolls of blinking
 K - a scroll of enchant weapon
 N - a scroll of fog
 S - a scroll of fear
Potions
 e - 3 potions of curing
 i - 4 potions of flight
 k - 3 potions of agility
 l - 2 potions of brilliance
 w - 3 potions of haste
 P - a potion of invisibility
 Q - a potion of heal wounds
Books
 b - a book of Flames

   Spells                             Type                      Level
   a - Flame Tongue                   Conjuration/Fire             1
   b - Throw Flame                    Conjuration/Fire             2
   c - Conjure Flame                  Conjuration/Fire             3
   d - Inner Flame                    Hexes/Fire                   3
   e - Sticky Flame                   Conjuration/Fire             4
   f - Fireball                       Conjuration/Fire             5
 s - Sif Muna's Incunabulum of the Wasp
   (Sif Muna gifted it to you on level 2 of the Lair of Beasts)

   Spells                             Type                      Level
   a - Passwall                       Transmutation/Earth          2
   b - Regeneration                   Charms/Necromancy            3
   c - Spider Form                    Transmutation/Poison         3
   d - Excruciating Wounds            Charms/Necromancy            5
   e - Agony                          Necromancy                   5
   f - Death Channel                  Necromancy                   6
 x - a book of Callings

   Spells                             Type                      Level
   a - Summon Small Mammal            Summoning                    1
   b - Call Imp                       Summoning                    2
   c - Call Canine Familiar           Summoning                    3
   d - Summon Guardian Golem          Hexes/Summoning              3
   e - Summon Lightning Spire         Summoning/Air                4
   f - Summon Ice Beast               Ice/Summoning                4
 y - a book of Misfortune

   Spells                             Type                      Level
   a - Confusing Touch                Hexes                        1
   b - Confuse                        Hexes                        3
   c - Gell's Gravitas                Translocation                3
   d - Petrify                        Transmutation/Earth          4
   e - Metabolic Englaciation         Hexes/Ice                    5
   f - Yara's Violent Unravelling     Hexes/Transmutation          5
 B - Sif Muna's Tome of Congealing Confrontation
   (Sif Muna gifted it to you on level 7 of the Dungeon)

   Spells                             Type                      Level
   a - Sting                          Conjuration/Poison           1
   b - Magic Dart                     Conjuration                  1
   c - Throw Frost                    Conjuration/Ice              2
   d - Iskenderun's Mystic Blast      Conjuration                  4
   e - Poison Arrow                   Conjuration/Poison           6
 D - a book of Conjurations

   Spells                             Type                      Level
   a - Magic Dart                     Conjuration                  1
   b - Searing Ray                    Conjuration                  2
   c - Dazzling Spray                 Conjuration/Hexes            3
   d - Fulminant Prism                Conjuration/Hexes            4
   e - Force Lance                    Conjuration/Translocation    4
   f - Iskenderun's Mystic Blast      Conjuration                  4
 I - Sif Muna's Collected Works on Congealing Clay
   (Sif Muna gifted it to you on level 9 of the Dungeon)

   Spells                             Type                      Level
   a - Ensorcelled Hibernation        Hexes/Ice                    2
   b - Stone Arrow                    Conjuration/Earth            3
   c - Throw Icicle                   Conjuration/Ice              4
   d - Freezing Cloud                 Conjuration/Ice/Air          6
   e - Iron Shot                      Conjuration/Earth            6
Comestibles
 c - 33 rations


   Skills:
 - Level 6.0 Fighting
 - Level 10.0 Dodging
 - Level 3.0 Stealth
 + Level 12.6 Spellcasting
 + Level 12.6 Conjurations
 - Level 10.3 Fire Magic
 + Level 8.5 Earth Magic
 - Level 8.0 Invocations


You had 12 spell levels left.
You knew the following spells:

 Your Spells              Type           Power        Failure   Level  Hunger
a - Flame Tongue          Conj/Fire      #####        0%          1    None
b - Throw Flame           Conj/Fire      ######       1%          2    None
c - Conjure Flame         Conj/Fire      #######.     1%          3    None
d - Sticky Flame          Conj/Fire      #######.     1%          4    None
e - Fireball              Conj/Fire      #######...   1%          5    None
f - Magic Dart            Conj           ####         0%          1    None
g - Stone Arrow           Conj/Erth      ######       1%          3    None
h - Iron Shot             Conj/Erth      #######...   3%          6    ###....


Dungeon Overview and Level Annotations

Branches:
Dungeon (10/15)            Temple (0/1) D:6            Lair (5/6) D:10
  Swamp (0/4) Lair:3        Snake (0/4) Lair:2          Orc (0/2) D:9
  Slime: Lair:5-6

Altars:
Ashenzari
Dithmenos
Elyvilon
Gozag
Hepliaklqana
Makhleb
Nemelex Xobeh
Okawaru
Qazlal
Ru
Sif Muna
Trog
Uskayaw
Xom
Zin
The Shining One

Shops:
D:6 [   D:10 *


Message History

Press: ? - help, Shift-Dir - straight line, f - swamp worm
Aim: a swamp worm (moderately wounded)
The sticky flame hits the swamp worm.
The swamp worm is heavily wounded.
The swamp worm is covered in liquid flames!
The swamp worm burns!
The swamp worm misses you.
You riposte.
You slash the swamp worm!
You kill the swamp worm!
Sif Muna accepts your kill.
You enter the shallow water.
Moving in this stuff is going to be slow.
A swamp worm bursts forth from the water.
The swamp worm bites you!!
A swamp worm bursts forth from the water.
The swamp worm bites you!
* * * LOW HITPOINT WARNING * * *
A swamp worm bursts forth from the water.
The swamp worm bites you but does no damage.
The swamp worm bites you!
You die...

#############
##.##..##.##.#
#.#.........###
##...≈≈≈≈≈≈≈..≈#
#..≈≈≈≈≈≈≈≈≈≈≈##
###.≈≈≈#######≈≈≈##
#######.#.≈†P#≈≈w≈≈##≈≈≈#
##.##.#....≈≈≈≈≈@w≈≈(#≈≈≈##
#..........≈≈≈#≈w≈≈≈##≈≈≈≈#
....#.P...≈≈≈≈#######≈≈≈###
..###.......≈≈≈≈≈≈≈≈≈≈≈##
..##..........≈≈≈≈≈≈≈≈≈##
...##.............#≈#≈#≈#
....#..###........###≈≈##
....#.## #.#..###.# ####
.....†######### ###


You could see 3 swamp worms.

Vanquished Creatures
  5 hydras
  The ghost of Shados the Grappler, a novice MiMo of Wu Jian (D:5)
  A lindwurm (Lair:4)
  2 oklob plants (Lair:3)
  A black mamba (Lair:4)
  10 elephants
  Joseph (D:8)
  5 spiny frogs
  4 komodo dragons
  A troll (D:9)
  A queen bee (Lair:3)
  Grinder (D:5)
  4 hippogriffs
  18 blink frogs
  A spriggan (D:9)
  3 wyverns
  8 basilisks
  34 yaks
  2 humans (D:7)
  A hungry ghost (D:9)
  4 nagas (Lair:2)
  18 water moccasins
  A swamp worm (Lair:5)
  10 porcupines
  7 orc warriors
  A phantom (D:10)
  3 black bears
  2 sky beasts
  The ghost of Ahrinia the Skirmisher, an amateur DsBe of Trog (D:3)
  6 wolves
  4 ogres
  3 centaurs
  8 crocodiles
  Blork the orc (D:5)
  An elf zombie (Ossuary)
  15 bullfrogs
  A scorpion (D:4)
  28 killer bees (Lair:3)
  3 howler monkeys
  2 crimson imps
  2 bullfrog zombies
  7 orc priests
  2 centaur skeletons
  3 hounds
  A bullfrog skeleton (D:6)
  2 jellies (D:6)
  10 orc wizards
  4 iguanas
  A hell rat (Lair:3)
  9 worker ants
  A killer bee zombie (D:9)
  2 hound skeletons
  A howler monkey zombie (D:7)
  3 mummies (Ossuary)
  3 worker ant zombies
  3 gnolls (D:6)
  15 adders
  2 shadow imps
  An adder zombie (Ossuary)
  12 worms
  4 leopard geckos
  43 orcs
  2 ball pythons
  10 bats
  6 giant cockroaches
  A gnoll zombie (Ossuary)
  8 goblins
  9 hobgoblins
  9 jackals
  11 kobolds
  4 quokkas
  A ball python skeleton (D:5)
  2 frilled lizards
  3 goblin zombies (Ossuary)
  2 hobgoblin zombies (Ossuary)
  A jackal skeleton (D:4)
  2 kobold zombies (Ossuary)
  An orc zombie (Ossuary)
  A quokka skeleton (D:5)
  A quokka zombie (Ossuary)
  9 rats
  6 rat zombies (Ossuary)
443 creatures vanquished.

Vanquished Creatures (others)
  11 fungi
  7 plants
18 creatures vanquished.

Grand Total: 461 creatures vanquished

Notes
Turn   | Place    | Note
-------+----------+-------------------------------------------
     0 | D:1      | Spazmo the Deep Elf Fire Elementalist began the quest for the Orb.
     0 | D:1      | Reached XP level 1. HP: 10/10 MP: 6/6
   209 | D:1      | Reached XP level 2. HP: 15/15 MP: 5/8
   213 | D:1      | Learned a level 2 spell: Throw Flame
   896 | D:2      | Reached XP level 3. HP: 17/19 MP: 4/9
  1348 | D:2      | Found an opulent altar of Gozag.
  1463 | D:2      | Found a shimmering altar of Xom.
  1593 | D:2      | Found a deep blue altar of Sif Muna.
  1688 | D:3      | Found a glowing silver altar of Zin.
  1988 | D:2      | Became a worshipper of Sif Muna the Loreminder
  2014 | D:3      | Noticed Ahrinia's ghost (amateur DsBe)
  2029 | D:3      | Found a shattered altar of Ashenzari.
  2034 | D:3      | Reached XP level 4. HP: 11/24 MP: 6/12
  2125 | D:2      | Learned a level 3 spell: Conjure Flame
  2130 | D:2      | Learned a level 4 spell: Sticky Flame
  2770 | D:3      | Noticed a moth of wrath
  2773 | D:3      | Found a bloodstained altar of Trog.
  2785 | D:3      | Reached XP level 5. HP: 28/28 MP: 3/13
  3079 | D:3      | Killed Ahrinia's ghost
  3079 | D:3      | Reached skill level 5 in Spellcasting
  3212 | D:3      | Reached * piety under Sif Muna
  3212 | D:3      | Reached XP level 6. HP: 8/32 MP: 3/15
  3219 | D:3      | Learned a level 5 spell: Fireball
  3571 | D:4      | Reached skill level 5 in Fire Magic
  3871 | D:4      | Reached XP level 7. HP: 33/36 MP: 11/18
  4536 | D:5      | Entered Level 5 of the Dungeon
  4586 | D:5      | Noticed Shados's ghost (novice MiMo)
  4587 | D:5      | Reached ** piety under Sif Muna
  4610 | D:5      | Reached skill level 5 in Conjurations
  4939 | D:5      | Noticed Grinder
  4964 | D:5      | Killed Grinder
  4964 | D:5      | Reached XP level 8. HP: 31/41 MP: 9/21
  5233 | D:5      | Noticed Blork the orc
  5238 | D:5      | Killed Blork the orc
  5293 | D:5      | Reached *** piety under Sif Muna
  5393 | D:5      | Killed Shados's ghost
  5655 | D:6      | Found a sand-covered staircase.
  5662 | Ossuary  | Entered an ossuary
  5844 | Ossuary  | Reached **** piety under Sif Muna
  6027 | D:6      | Found Zaboergha's Armour Shop.
  6130 | D:6      | Found a shadowy altar of Dithmenos.
  6190 | D:6      | Reached XP level 9. HP: 27/45 MP: 8/24
  6300 | D:6      | Found a staircase to the Ecumenical Temple.
  6746 | D:7      | Found a hide-covered altar of Uskayaw.
  6868 | D:7      | Found a sacrificial altar of Ru.
  6951 | D:7      | Reached ***** piety under Sif Muna
  7165 | D:7      | Reached skill level 10 in Spellcasting
  7278 | D:7      | Found an iron altar of Okawaru.
  7440 | D:7      | Found a glowing golden altar of the Shining One.
  7443 | D:7      | Identified Sif Muna's Tome of Congealing Confrontation (Sif Muna gifted it to you on level 7 of the Dungeon)
  7443 | D:7      | Received a gift from Sif Muna
  8184 | D:8      | Found a burning altar of Makhleb.
  8209 | D:8      | Found the +10 zealot's sword {holy, *Rage rN+ EV+3}
  8231 | D:8      | Found a white marble altar of Elyvilon.
  8438 | D:8      | Noticed Joseph
  8448 | D:8      | Killed Joseph
  8578 | D:8      | Noticed a cacodemon
  8582 | D:8      | Noticed a hellwing
  8582 | D:8      | Noticed a hellwing
  8678 | D:9      | Reached XP level 10. HP: 46/50 MP: 11/27
  9240 | D:9      | Learned a level 1 spell: Magic Dart
  9341 | D:9      | Found a staircase to the Orcish Mines.
  9346 | D:9      | Reached skill level 10 in Fire Magic
  9924 | D:9      | Identified Sif Muna's Collected Works on Congealing Clay (Sif Muna gifted it to you on level 9 of the Dungeon)
  9924 | D:9      | Received a gift from Sif Muna
  9930 | D:9      | Learned a level 3 spell: Stone Arrow
  9937 | D:9      | Learned a level 6 spell: Iron Shot
  9957 | D:9      | Found a sparkling altar of Nemelex Xobeh.
  9983 | D:9      | Found a shattered altar of Ashenzari.
 10123 | D:10     | Entered Level 10 of the Dungeon
 10131 | D:10     | Reached skill level 1 in Earth Magic
 10132 | D:10     | Reached skill level 10 in Conjurations
 10350 | D:10     | Found Waega's General Store.
 10607 | D:10     | Found a stormy altar of Qazlal.
 10860 | D:10     | Found a staircase to the Lair.
 11255 | D:6      | Bought the cursed +0 helmet of Muttered Phrases {rPois rF+ rC+ Dex+3} for 363 gold pieces
 11389 | Lair:1   | Entered Level 1 of the Lair of Beasts
 11411 | Lair:1   | Noticed a spiny frog
 11413 | Lair:1   | Killed a spiny frog
 11413 | Lair:1   | Reached skill level 5 in Earth Magic
 11413 | Lair:1   | Reached XP level 11. HP: 43/54 MP: 16/28
 12463 | Lair:2   | Identified Sif Muna's Incunabulum of the Wasp (Sif Muna gifted it to you on level 2 of the Lair of Beasts)
 12463 | Lair:2   | Received a gift from Sif Muna
 12691 | Lair:2   | Found a staircase to the Snake Pit.
 13302 | Lair:2   | Noticed a five-headed hydra
 13326 | Lair:2   | Reached skill level 1 in Invocations
 13340 | Lair:2   | Reached skill level 1 in Fighting
 13958 | Lair:2   | Killed a five-headed hydra
 13958 | Lair:2   | Reached skill level 5 in Dodging
 13958 | Lair:2   | Reached XP level 12. HP: 29/64 MP: 18/29
 14149 | Lair:2   | Noticed a seven-headed hydra
 14164 | Lair:2   | Killed a seven-headed hydra
 14311 | Lair:2   | Upgraded the game from 0.21-a0-634-gaf8bc5d to 0.21-a0-638-g11b2e07
 14326 | Lair:3   | Noticed an eight-headed hydra
 14982 | Lair:3   | Killed an eight-headed hydra
 14982 | Lair:3   | Reached skill level 5 in Invocations
 15098 | Lair:3   | Found a staircase to the Swamp.
 16092 | Lair:3   | Reached skill level 5 in Fighting
 17433 | Lair:4   | Reached XP level 13. HP: 74/74 MP: 17/30
 18054 | Lair:4   | Identified Sif Muna's Papyrus of Creative Transmutation (Sif Muna gifted it to you on level 4 of the Lair of Beasts)
 18054 | Lair:4   | Received a gift from Sif Muna
 18189 | Lair:4   | Found a hazy altar of Hepliaklqana.
 18194 | Lair:4   | Got an iridescent scimitar
 18195 | Lair:4   | Identified the +4 scimitar of Behousap {slice, *Rage +Inv rN+ Int+7} (You found it on level 4 of the Lair of Beasts)
 19089 | Lair:5   | Reached skill level 10 in Dodging
 19808 | Lair:5   | Slain by a swamp worm

Vault maps used:
D:1:      minmay_arrival_diagonal_passages, dk_noncrumbling_4
D:2:      lemuel_round_altar, lemuel_blue_sif_altar, minmay_door_square,
          grunt_gozag_statues
D:3:      minmay_wonky_spiral, overflow_temple_1_default, tgw_trog,
          cheibrodos_ashenzari_chains
D:4:      first_ration
D:5:      corexii_shack_village, hangedman_decor_peaks_small, kennysheep_boxes,
          uniq_blork_the_orc, uniq_grinder
D:6:      minmay_temple_entry_statues_fountains, serial_shops, shop,
          enter_ossuary_1, grunt_dithmenos_smoke
D:7:      nicolae_tso_swordbearing_angel, eat_drink_and_be_merry_uskayaw,
          lemuel_crystal_altar, minmay_misc_feat_square, okawaru_humans
D:8:      makhleb_altar_promises_db, basic_altar, uniq_joseph
D:9:      kennysheep_spiral_hall, kennysheep_mini_moat, nemelex_altar_shiori,
          the_bakery, minmay_misc_feat_cross, minmay_misc_feat_rows
D:10:     lair_entry_dummy, serial_shops, shop, grunt_qazlal_sundering
Lair:2:   minmay_snake_entry_guardpost_small
Lair:3:   regret_index_harrowing_hell_hive, swamp_mist_pool
Lair:4:   basic_altar
Lair:5:   minmay_slime_entry_oklob_enclosed, basic_altar, worms_lemuel,
          grunt_megastairs_1, lemuel_fruit_tree
Ossuary:  ossuary_minmay_chase

Skill      XL: |  1  2  3  4  5  6  7  8  9 10 11 12 13 |
---------------+----------------------------------------+-----
Stealth        | 3 |  3.0
Dodging        | 3 5 9 10 | 10.0
Conjurations   | 2 3 4 5 7 9 11 12 | 12.6
Spellcasting   | 4 5 6 7 9 11 12 | 12.6
Fire Magic     | 4 5 6 8 9 10 | 10.3
Earth Magic    | 5 8 |  8.5
Invocations    | 3 7 8 |  8.0
Fighting       | 2 5 6 |  6.0

Action                   |  1- 3 |  4- 6 |  7- 9 | 10-12 | 13-15 || total
-------------------------+-------+-------+-------+-------+-------++-------
Melee: Dagger            |       |     2 |     9 |    18 |       ||    29
       Scimitar          |       |       |       |       |     3 ||     3
Throw: Stone             |       |    19 |       |     8 |     2 ||    29
 Cast: Flame Tongue      |    68 |   101 |   249 |   374 |    86 ||   878
       Conjure Flame     |       |     4 |     1 |     8 |     1 ||    14
       Throw Flame       |       |     2 |    21 |    81 |    20 ||   124
       Sticky Flame      |       |     3 |    20 |   107 |    20 ||   150
       Fireball          |       |       |    10 |    32 |     7 ||    49
       Magic Dart        |       |       |       |    11 |       ||    11
       Stone Arrow       |       |       |       |     2 |     4 ||     6
       Iron Shot         |       |       |       |     1 |     4 ||     5
Invok: Channel Magic     |       |       |       |     1 |       ||     1
  Use: Scroll            |     4 |     2 |     9 |     6 |     3 ||    24
       Potion            |     1 |     3 |     5 |     2 |       ||    11
 Stab: Sleeping          |       |       |     1 |       |       ||     1
  Eat: Chunk             |     3 |     3 |    10 |    14 |     2 ||    32
       Ration            |       |     1 |     2 |     5 |     1 ||     9
Armor: Robe              |     8 |    14 |    13 |    44 |     6 ||    85
       Skin              |       |       |     2 |       |       ||     2
Dodge: Dodged            |    16 |    30 |    51 |   178 |    33 ||   308
       Rpst.: Scimitar   |       |       |       |       |     7 ||     7

Table legend:
 A = Spawn XP
 B = Non-spawn XP
 C = Spawn XP percentage of total XP
 D = Spawn monster count
 E = Non-spawn monster count
 F = Spawn count percentage of total count
 G = Total turns spent on level
                    A         B        C        D         E        F      G
               +---------+---------+-------+---------+---------+-------+---------
         Total |       0 |   48272 |   0.0 |       0 |     443 |   0.0 | 19808
               +---------+---------+-------+---------+---------+-------+---------
           D:1 |       0 |      27 |   0.0 |       0 |      15 |   0.0 |   789
           D:2 |       0 |      51 |   0.0 |       0 |      16 |   0.0 |  1316
           D:3 |       0 |     347 |   0.0 |       0 |      38 |   0.0 |  1459
           D:4 |       0 |     524 |   0.0 |       0 |      24 |   0.0 |  1095
           D:5 |       0 |    1303 |   0.0 |       0 |      27 |   0.0 |   941
           D:6 |       0 |     751 |   0.0 |       0 |      21 |   0.0 |   906
           D:7 |       0 |     995 |   0.0 |       0 |      21 |   0.0 |   897
           D:8 |       0 |    1116 |   0.0 |       0 |      16 |   0.0 |  1224
           D:9 |       0 |    2599 |   0.0 |       0 |      37 |   0.0 |  1344
          D:10 |       0 |    2661 |   0.0 |       0 |      24 |   0.0 |  1063
        Lair:1 |       0 |    3294 |   0.0 |       0 |      14 |   0.0 |  1061
        Lair:2 |       0 |   10152 |   0.0 |       0 |      44 |   0.0 |  2107
        Lair:3 |       0 |   12717 |   0.0 |       0 |      69 |   0.0 |  2697
        Lair:4 |       0 |    6158 |   0.0 |       0 |      28 |   0.0 |  1901
        Lair:5 |       0 |    5409 |   0.0 |       0 |      28 |   0.0 |   653
       Ossuary |       0 |     168 |   0.0 |       0 |      21 |   0.0 |   355
               +---------+---------+-------+---------+---------+-------+---------
